[Event "Team 45 45 League T53"]
[Site "Internet Chess Club"]
[Date "2012.06.05"]
[Round "3"]
[White "bayoumicardio10"]
[Black "Dracoac"]
[Result "0-1"]
[WhiteElo "1657"]
[BlackElo "1795"]
[Opening "Caro-Kann: exchange, Rubinstein variation"]
[ECO "B13"]
[Time "16:30:11"]
[TimeControl "2700+45"]

1. e4 c6 2. d4 d5 3. exd5 cxd5 4. Bd3 Nf6 5. c3 Nc6 6. Bf4 Bg4 7. Qb3 Qd7 8. Nd2
e6 9. Ngf3 Bh5 10. Ne5 Nxe5 11. dxe5 Qc7 12. exf6 Qxf4 13. fxg7 Bxg7 14. Qb5+
Kf8 15. Qxb7 Rb8 16. Qxa7 Rxb2 17. Qa3+ Ke8 18. Qxb2 Qg4 19. Qb8+ Ke7 20. Qc7+
Kf6 21. Nf3 Qxg2 22. Qe5+ Ke7 23. Qg5+ Qxg5 24. Nxg5 Bxc3+ 25. Kf1 Bxa1 26. Kg2
Bf6 27. Nf3 Rg8+ 28. Kh3 Bxf3 {White resigns} 0-1

[Event "Team 45 45 League T53"]
[Site "Internet Chess Club"]
[Date "2012.06.03"]
[Round "3"]
[White "beitmery"]
[Black "DutchBird"]
[Result "1-0"]
[WhiteElo "1689"]
[BlackElo "1348"]
[Opening "QGD Slav: Dutch variation"]
[ECO "D18"]
[Time "16:23:55"]
[TimeControl "2700+45"]

1. d4 d5 2. c4 c6 3. Nf3 Nf6 4. Nc3 dxc4 5. a4 Bf5 6. e3 e6 7. Bxc4 Bb4 8. Bd3
Bxd3 9. Qxd3 O-O 10. O-O Nbd7 11. Na2 Be7 12. b4 Nb6 13. a5 Nbd5 14. Bd2 Nc7 15.
Rab1 Nb5 16. Nc3 Nxc3 17. Bxc3 Nd5 18. b5 Nxc3 19. Qxc3 Rc8 20. b6 axb6 21. Rxb6
Qc7 22. Rfb1 Rb8 23. Qb3 Bd8 24. a6 Bf6 25. a7 Ra8 26. Rxb7 Qd6 27. Nd2 c5 28.
Nc4 Qc6 29. Rb8 Rxa7 30. Rxf8+ Kxf8 31. Qb8+ Qe8 32. Qxa7 g6 33. Rb8 Bd8 34.
Qxc5+ Kg7 35. Qd6 Qa4 36. h3 Qd1+ 37. Kh2 Bg5 38. Qf8+ Kf6 39. Qh8+ Kf5 40. Qe5#
{Black checkmated} 1-0

[Event "Team 45 45 League T53"]
[Site "Internet Chess Club"]
[Date "2012.06.03"]
[Round "3"]
[White "barbak"]
[Black "gnokin"]
[Result "1/2-1/2"]
[WhiteElo "1933"]
[BlackElo "1883"]
[Opening "Sicilian: O'Kelly variation"]
[ECO "B28"]
[Time "14:00:52"]
[TimeControl "2700+45"]

1. e4 c5 2. Nf3 a6 3. c3 e6 4. d4 d5 5. exd5 exd5 6. Be2 Nc6 7. Be3 c4 8. b3 b5
9. bxc4 bxc4 10. Ne5 Bb7 11. O-O Bd6 12. f4 Nf6 13. Nd2 O-O 14. Rf3 Qa5 15. Qc2
Ne7 16. Rh3 Bc8 17. g4 g6 18. Rg3 Rb8 19. Bf3 Qa3 20. Rb1 Rxb1+ 21. Nxb1 Qa5 22.
Nd2 Qc7 23. Qa4 Ne8 24. Kf2 f6 25. Nc6 Kg7 26. Nxe7 Qxe7 27. Bxd5 g5 28. Kf3
gxf4 29. Bxf4 Bxf4 30. Kxf4 Qd6+ 31. Ke4 f5+ 32. gxf5+ Kh8 33. Bc6 Bxf5+ 34. Ke3
Bg6 35. Qxc4 Qf4+ 36. Ke2 Bh5+ 37. Bf3 Nd6 38. Qd3 Bg6 39. Qxa6 Nf5 40. Rxg6
hxg6 41. Qxg6 Qe3+ 42. Kd1 Qd3 43. Qh5+ Kg7 44. Qg4+ Kh8 45. Qh5+ Kg7 46. Qg4+
Kh8 47. Qe4 Ne3+ 48. Ke1 Nc2+ 49. Kd1 Ne3+ 50. Kc1 Qxc3+ 51. Kb1 Rb8+ 52. Nb3
Rxb3+ 53. axb3 Qxb3+ 54. Kc1 Qc3+ 55. Kb1 Qb3+ 56. Kc1 Qc3+ 57. Kb1 Qb3+ {Game
drawn by repetition} 1/2-1/2

[Event "Team 45 45 League T53"]
[Site "Internet Chess Club"]
[Date "2012.06.05"]
[Round "3"]
[White "AlexMano"]
[Black "tsia68"]
[Result "1/2-1/2"]
[WhiteElo "1752"]
[BlackElo "1791"]
[Opening "Queen's pawn: London system"]
[ECO "A45"]
[Time "16:00:23"]
[TimeControl "2700+45"]

1. d4 Nf6 2. Bf4 g6 3. e3 Bg7 4. Nf3 O-O 5. Be2 d6 6. Nbd2 Nbd7 7. c3 c5 8. Qc2
b6 9. O-O Bb7 10. h3 Rc8 11. Qa4 {Game drawn by mutual agreement} 1/2-1/2

[Event "Team 45 45 League T53"]
[Site "Internet Chess Club"]
[Date "2012.06.02"]
[Round "3"]
[White "Duguesclin"]
[Black "BuddyT"]
[Result "0-1"]
[WhiteElo "1666"]
[BlackElo "1822"]
[Opening "QGD Slav defense, Alekhine variation"]
[ECO "D10"]
[Time "13:02:18"]
[TimeControl "2700+45"]

1. d4 d5 2. c4 c6 3. Nc3 dxc4 4. e4 b5 5. a3 Nf6 6. f4 Bg4 7. Be2 Bxe2 8. Ngxe2
e6 9. O-O Be7 10. Ng3 O-O 11. Be3 Nbd7 12. Qf3 Nb6 13. Rad1 Qc7 14. f5 exf5 15.
Nxf5 Kh8 16. Nxe7 Qxe7 17. e5 Nfd5 18. Bg5 Qe6 19. Ne4 h6 20. Qh5 Kg8 21. Nf6+
gxf6 22. exf6 Qe4 23. Bxh6 Qg6 24. Qh4 Rfe8 25. Bg7 Qh7 26. Qxh7+ Kxh7 27. Rf3
Re3 28. Rf5 Rae8 29. Rdf1 R8e4 30. h3 Re1 31. g4 Rxf1+ 32. Kxf1 Ne3+ 33. Kg1
Nxf5 34. gxf5 Rf4 {White resigns} 0-1

[Event "Team 45 45 League T53"]
[Site "Internet Chess Club"]
[Date "2012.06.02"]
[Round "3"]
[White "DARKwizard1"]
[Black "Lucas"]
[Result "1/2-1/2"]
[WhiteElo "2019"]
[BlackElo "2027"]
[Opening "Caro-Kann: Steinitz variation"]
[ECO "B17"]
[Time "09:02:23"]
[TimeControl "2700+45"]

1. e4 c6 2. d4 d5 3. Nc3 dxe4 4. Nxe4 Nd7 5. Nf3 Ngf6 6. Bd3 Nxe4 7. Bxe4 Nf6 8.
Bd3 Bg4 9. c3 e6 10. h3 Bh5 11. O-O Bd6 12. Re1 O-O 13. Bg5 Rc8 14. Re3 c5 15.
Qc2 h6 16. Bxf6 Qxf6 17. Rae1 Bf4 18. Ne5 cxd4 19. Re4 Bxe5 20. Rxe5 Bg6 21.
Bxg6 Qxg6 22. Qxg6 fxg6 23. cxd4 Rc2 24. R1e2 Rxe2 25. Rxe2 Kf7 26. Rc2 Kf6 27.
Rc5 Rf7 28. Kf1 Rd7 29. a3 b6 30. Rc4 Ke7 31. Ke2 {Game drawn by mutual
agreement} 1/2-1/2

[Event "Team 45 45 League T53"]
[Site "Internet Chess Club"]
[Date "2012.06.01"]
[Round "3"]
[White "Tobiasdelmonte"]
[Black "THE-WARRIOR"]
[Result "1/2-1/2"]
[WhiteElo "1795"]
[BlackElo "1764"]
[Opening "French defense"]
[ECO "C01"]
[Time "22:11:36"]
[TimeControl "2700+45"]

1. e4 e6 2. d4 d5 3. g3 Nf6 4. e5 Nfd7 5. Bg2 c5 6. c3 Be7 7. Ne2 Nc6 8. O-O O-O
9. Be3 b6 10. Nd2 f6 11. Nf4 Ndb8 12. Qg4 Qd7 13. Nh5 Rf7 14. f4 cxd4 15. cxd4
f5 16. Qh3 g6 17. Nf6+ Bxf6 18. exf6 Rxf6 19. Rac1 Ba6 20. Rfe1 Nb4 21. Rc3 Rf7
22. Nf3 Re7 23. a3 N4c6 24. Rec1 Bb7 25. b4 a6 26. Bf1 Na7 27. Ne5 Qe8 28. Qh4
Nbc6 29. Nxc6 Nxc6 30. Rxc6 Bxc6 31. Rxc6 Qxc6 32. Qxe7 Re8 33. Qf6 Qc3 34. Qe5
Qxa3 35. Bd2 Qb2 36. Qe3 b5 37. h4 Kf7 38. Qc3 Qa2 39. Bd3 Re7 40. Bc2 Qc4 41.
Bb3 Qe2 42. Qe3 Qxe3+ 43. Bxe3 Kf6 44. Kf2 Rc7 45. Bd2 h6 46. Ke2 Rc8 47. Kd3
Rc7 48. Bd1 h5 {Game drawn by mutual agreement} 1/2-1/2

[Event "Team 45 45 League T53"]
[Site "Internet Chess Club"]
[Date "2012.05.31"]
[Round "3"]
[White "badmove"]
[Black "quotha"]
[Result "0-1"]
[WhiteElo "1750"]
[BlackElo "1678"]
[Opening "QGD Slav defense: exchange variation"]
[ECO "D10"]
[Time "16:07:53"]
[TimeControl "2700+45"]

1. d4 d5 2. c4 c6 3. cxd5 cxd5 4. Bf4 Nc6 5. e3 e6 6. Nc3 Bd6 7. Bxd6 Qxd6 8.
Nf3 Nge7 9. a3 a6 10. Bd3 e5 11. dxe5 Nxe5 12. Nxe5 Qxe5 13. Rc1 d4 14. Qa4+ Nc6
15. Ne4 dxe3 16. fxe3 O-O 17. O-O Qa5 18. Qc2 Ne5 19. Be2 Ng4 20. Rf4 Nxe3 21.
Qd3 Nf5 22. Kh1 Rd8 23. Qh3 Nd4 24. Nf6+ gxf6 25. Qg3+ Qg5 26. Bg4 Kh8 27. h4
Ne2 28. hxg5 Nxg3+ 29. Kh2 Bxg4 30. Kxg3 f5 31. Rc7 Kg7 32. Rxb7 Rdb8 33. Re7
Rxb2 34. Rc4 Rd8 35. Kh4 Rxg2 36. Rcc7 Rh2+ 37. Kg3 Rh3+ 38. Kf2 Bh5 {White
resigns} 0-1

[Event "Team 45 45 League T53"]
[Site "Internet Chess Club"]
[Date "2012.06.10"]
[Round "3"]
[White "vigneshv"]
[Black "Mobtaker"]
[Result "0-1"]
[WhiteElo "1508"]
[BlackElo "1705"]
[Opening "Nimzo-Indian defense"]
[ECO "E20"]
[Time "15:35:44"]
[TimeControl "2700+45"]

1. d4 Nf6 2. c4 e6 3. Nc3 Bb4 4. Bd2 d5 5. cxd5 exd5 6. Nf3 O-O 7. e3 b6 8. Bd3
a5 9. a3 Bxc3 10. Bxc3 Ne4 11. Bxe4 dxe4 12. Nd2 Qg5 13. g3 Re8 14. Qc2 Ba6 15.
O-O-O Bd3 16. Qb3 a4 17. Qa2 Nc6 18. Nf3 Qb5 19. Ne1 Bc4 20. Qb1 Na5 21. Bxa5
Rxa5 22. Qc2 Bb3 23. Qc3 Bxd1 24. Kxd1 Qb3+ 25. Qxb3 axb3 26. Kd2 c5 27. dxc5
Rxc5 28. Rf1 Rd8+ 29. Ke2 Rcd5 30. Rh1 Rd2+ 31. Kf1 Rxb2 {White resigns} 0-1

[Event "Team 45 45 League T53"]
[Site "Internet Chess Club"]
[Date "2012.06.03"]
[Round "3"]
[White "viking99"]
[Black "pishd"]
[Result "1/2-1/2"]
[WhiteElo "1794"]
[BlackElo "1772"]
[Opening "Caro-Kann: advance variation"]
[ECO "B12"]
[Time "10:01:57"]
[TimeControl "2700+45"]

1. e4 c6 2. d4 d5 3. e5 Bf5 4. Nc3 Qb6 5. g4 Bd7 6. Bg2 e6 7. Nge2 c5 8. O-O
cxd4 9. Nxd4 Bc5 10. Nb3 Be7 11. Be3 Qd8 12. f4 Na6 13. Qf3 h5 14. Rad1 hxg4 15.
Qxg4 g6 16. Qf3 Bc6 17. Nd4 Nh6 18. Qe2 Rc8 19. a3 Nb8 20. Qd3 Ng4 21. Nxe6 Qd7
22. Nd4 Nxh2 23. e6 Qd8 24. exf7+ Kxf7 25. Nf3 Nxf3+ 26. Bxf3 Qd7 27. Bxd5+ Bxd5
28. Qxd5+ Qxd5 29. Rxd5 Bxa3 30. bxa3 Rxc3 31. Bd4 Rg3+ 32. Kf2 Rhh3 33. c3 Rd3
34. Ke2 Nc6 35. f5 Nxd4+ 36. cxd4 Rhe3+ 37. Kf2 Rf3+ 38. Ke2 Rfe3+ 39. Kf2 Rf3+
40. Ke2 Rde3+ 41. Kd2 {Game drawn by mutual agreement} 1/2-1/2

[Event "Team 45 45 League T53"]
[Site "Internet Chess Club"]
[Date "2012.06.03"]
[Round "3"]
[White "timothysmall56"]
[Black "WillC"]
[Result "0-1"]
[WhiteElo "1644"]
[BlackElo "1777"]
[Opening "Sicilian: Canal-Sokolsky attack, 3...Bd7"]
[ECO "B52"]
[Time "19:18:38"]
[TimeControl "2700+45"]

1. e4 c5 2. Nf3 d6 3. Bb5+ Bd7 4. Bxd7+ Nxd7 5. O-O Ngf6 6. Re1 Qc7 7. Nc3 g6 8.
d3 Bg7 9. Bg5 O-O 10. Qe2 e5 11. Nb5 Qb6 12. c4 h6 13. Bd2 Nh5 14. a4 Ndf6 15.
a5 Qc6 16. Nh4 Rfe8 17. g4 Nf4 18. Bxf4 exf4 19. f3 Nh7 20. Qd2 Bf6 21. Ng2 g5
22. Nc3 Bd4+ 23. Kh1 Nf6 24. h4 Kg7 25. h5 Qd7 26. Rab1 Nxg4 27. fxg4 Qxg4 28.
Nxf4 Qh4+ 29. Qh2 Qxh2+ 30. Kxh2 gxf4 31. Nd5 Bf2 32. Nc7 Bxe1 33. Rxe1 Kf6 34.
Nxa8 Rxa8 35. Kg2 Rg8+ 36. Kf3 Ke5 37. Kf2 Rg3 38. Re3 Rxe3 {White resigns} 0-1

[Event "Team 45 45 League T53"]
[Site "Internet Chess Club"]
[Date "2012.06.04"]
[Round "3"]
[White "jfiquett"]
[Black "BrerRabbit"]
[Result "1-0"]
[WhiteElo "1663"]
[BlackElo "1470"]
[Opening "King's Indian: orthodox variation"]
[ECO "E94"]
[Time "19:02:51"]
[TimeControl "2700+45"]

1. d4 Nf6 2. c4 g6 3. Nc3 Bg7 4. e4 d6 5. Nf3 O-O 6. Be2 e5 7. O-O Na6 8. h3
exd4 9. Nxd4 Nc5 10. Bf3 a5 11. Re1 Nfd7 12. Nb3 Nxb3 13. Qxb3 Nc5 14. Qc2 Re8
15. Be3 Be6 16. Rad1 Qh4 17. Qd2 Qe7 18. Nd5 Qd8 19. Bg5 f6 20. Bh4 c6 21. Ne3
Kf7 22. Nf5 gxf5 23. Bh5+ Kf8 24. Bxe8 Kxe8 25. exf5 Kf7 26. fxe6+ Ke7 27. Qc2
Qg8 28. Bg3 Rd8 29. Qd2 d5 30. Qxa5 Ne4 31. Rxe4 dxe4 32. Qc7+ Rd7 33. Qxd7+ Kf8
34. Qd8# {Black checkmated} 1-0

[Event "Team 45 45 League T53"]
[Site "Internet Chess Club"]
[Date "2012.06.04"]
[Round "3"]
[White "Twan709"]
[Black "Sir-Sinister"]
[Result "0-1"]
[WhiteElo "1696"]
[BlackElo "1950"]
[Opening "Ruy Lopez: Bird's defense"]
[ECO "C61"]
[Time "21:06:25"]
[TimeControl "2700+45"]

1. e4 Nc6 2. Nf3 e5 3. Bb5 Nd4 4. Nxd4 exd4 5. d3 Bc5 6. O-O c6 7. Bc4 d6 8. f4
Nf6 9. e5 Nd5 10. Qf3 Ne3 11. Bxe3 dxe3 12. Kh1 d5 13. Bb3 O-O 14. Nc3 Qh4 15.
f5 Bd4 16. g3 Qe7 17. Rae1 Qxe5 18. Nd1 Re8 19. c3 e2 20. cxd4 exf1=Q+ 21. Rxf1
Qxd4 {White resigns} 0-1

[Event "Team 45 45 League T53"]
[Site "Internet Chess Club"]
[Date "2012.06.01"]
[Round "3"]
[White "TwoEqualsOne"]
[Black "ddlj81"]
[Result "1-0"]
[WhiteElo "1778"]
[BlackElo "1768"]
[Opening "QGD Slav defense: exchange variation"]
[ECO "D10"]
[Time "23:01:33"]
[TimeControl "2700+45"]

1. d4 d5 2. c4 c6 3. cxd5 cxd5 4. Nc3 Nf6 5. Bf4 Nc6 6. e3 Bf5 7. Bd3 Bxd3 8.
Qxd3 e6 9. Nf3 Bd6 10. Bg3 O-O 11. O-O Bxg3 12. hxg3 Rc8 13. Rac1 Qb6 14. b3 Nb4
15. Qe2 Rc7 16. Na4 Qa5 17. a3 Nc6 18. Rc5 Qa6 19. Qxa6 bxa6 20. Rfc1 Rfc8 21.
Ne5 Ne4 22. Rxc6 Rxc6 23. Rxc6 Rxc6 24. Nxc6 Nd2 25. Nc5 {Black resigns} 1-0

[Event "Team 45 45 League T53"]
[Site "Internet Chess Club"]
[Date "2012.06.03"]
[Round "3"]
[White "alexping"]
[Black "IceBox"]
[Result "0-1"]
[WhiteElo "1889"]
[BlackElo "1876"]
[Opening "QGD: Albin counter-gambit, 5.g3"]
[ECO "D09"]
[Time "11:30:25"]
[TimeControl "2700+45"]

1. d4 d5 2. c4 e5 3. dxe5 d4 4. Nf3 Nc6 5. g3 Nge7 6. Bg2 Ng6 7. O-O Ngxe5 8.
Qb3 Bc5 9. Nxe5 Nxe5 10. Qb5+ Nd7 11. b4 Be7 12. Bb2 O-O 13. c5 c6 14. Qd3 Bf6
15. f4 a5 16. a3 Re8 17. Rd1 Re3 18. Qd2 Qe8 19. Bf3 d3 20. Kf2 Bxb2 21. Qxb2
axb4 22. axb4 Rxa1 23. exd3 Ra8 24. Be4 Rxe4 25. dxe4 Qxe4 26. Re1 Qd5 27. Re8+
Nf8 28. Nc3 Qd4+ 29. Re3 Be6 30. Qb1 Ra3 31. Qe4 Qd2+ 32. Ne2 Rxe3 33. Qxe3 Qxb4
34. Qe5 Nd7 35. Qd6 Qxc5+ {White resigns} 0-1

[Event "Team 45 45 League T53"]
[Site "Internet Chess Club"]
[Date "2012.06.03"]
[Round "3"]
[White "frank001"]
[Black "vaknight"]
[Result "1-0"]
[WhiteElo "1788"]
[BlackElo "1720"]
[Opening "Old Benoni: Franco-Benoni defense"]
[ECO "C01"]
[Time "08:01:12"]
[TimeControl "2700+45"]

1. e4 e6 2. d4 c5 3. d5 exd5 4. exd5 d6 5. c4 Nf6 6. Nc3 Bf5 7. Nf3 h6 8. Be2
Be7 9. O-O O-O 10. Re1 Re8 11. h3 a6 12. Bd3 Bxd3 13. Qxd3 Nbd7 14. b3 Qc7 15.
Bb2 Bf8 16. Ne2 Ne4 17. Ng3 Nxg3 18. fxg3 Be7 19. Nh4 Bf6 20. Bxf6 Nxf6 21. Qf5
Re7 22. Rf1 Re5 23. Qf3 Rae8 24. Rf2 Ne4 25. Rc2 Qd7 26. Rf1 g6 27. Kh2 b5 28.
Qd3 Ng5 29. Rcf2 Kg7 30. Nf3 Re3 31. Qc2 Ne4 32. Qb2+ Kg8 33. Rc2 b4 34. Qc1 Nc3
35. Ng1 Qe7 36. Rcf2 f5 37. Rf3 Re1 38. Qxh6 Qg7 39. Qf4 Rxf1 40. Rxf1 Re5 41.
Nf3 Ne2 42. Qg5 Re8 43. Nh4 Kh7 44. Re1 Qf7 45. Nf3 {Black forfeits on time} 1-0

[Event "Team 45 45 League T53"]
[Site "Internet Chess Club"]
[Date "2012.06.03"]
[Round "3"]
[White "MontanaSky"]
[Black "Juan73"]
[Result "1-0"]
[WhiteElo "1755"]
[BlackElo "1665"]
[Opening "Ruy Lopez: Bird's defense"]
[ECO "C61"]
[Time "20:02:05"]
[TimeControl "2700+45"]

1. e4 e5 2. Nf3 Nc6 3. Bb5 Nd4 4. Nxd4 exd4 5. O-O Bc5 6. Re1 a6 7. Bc4 Ne7 8.
Bxf7+ Kxf7 9. Qh5+ Kf8 10. Qxc5 d6 11. Qxd4 Nc6 12. Qc3 Kf7 13. d4 Re8 14. d5
Ne5 15. Bf4 Ng4 16. Nd2 h5 17. Nf3 Bd7 18. Rad1 Rc8 19. Bg5 Nf6 20. e5 dxe5 21.
Nxe5+ Kg8 22. Qg3 Bg4 23. f3 Bf5 24. c4 Qd6 25. Qf4 Bd7 26. Bxf6 gxf6 27. Qg3+
Kh7 28. Qg6+ {Black resigns} 1-0

[Event "Team 45 45 League T53"]
[Site "Internet Chess Club"]
[Date "2012.05.31"]
[Round "3"]
[White "BrianWood"]
[Black "rubo"]
[Result "0-1"]
[WhiteElo "1440"]
[BlackElo "1720"]
[Opening "Budapest: Adler variation"]
[ECO "A52"]
[Time "23:00:40"]
[TimeControl "2700+45"]

1. d4 Nf6 2. c4 e5 3. dxe5 Ng4 4. Nf3 Bc5 5. e3 Nc6 6. Be2 Ngxe5 7. Nxe5 Nxe5 8.
O-O O-O 9. Nc3 a5 10. Qc2 Ra6 11. b3 Re8 12. Bb2 Rh6 13. Ne4 Qh4 14. h3 d6 15.
Bxe5 Rxe5 16. Ng3 Bxh3 {White resigns} 0-1

[Event "Team 45 45 League T53"]
[Site "Internet Chess Club"]
[Date "2012.06.03"]
[Round "3"]
[White "mcplayerus"]
[Black "Lucas"]
[Result "1-0"]
[WhiteElo "2097"]
[BlackElo "2034"]
[Opening "QGD Slav: 3.Nf3"]
[ECO "D11"]
[Time "08:30:41"]
[TimeControl "2700+45"]

1. d4 d5 2. c4 c6 3. Nf3 Nf6 4. g3 e6 5. Bg2 Nbd7 6. Nbd2 Bd6 7. O-O O-O 8. b3
Qc7 9. Bb2 Re8 10. Rc1 dxc4 11. Nxc4 Be7 12. Nfe5 Nd5 13. e3 N7b6 14. Nxf7 Kxf7
15. Qh5+ Kg8 16. Qxe8+ Bf8 17. Qh5 Nf6 18. Qe2 Nxc4 19. Qxc4 Bd7 20. e4 Be8 21.
e5 Nd5 22. Bxd5 exd5 23. Qxd5+ Bf7 24. e6 cxd5 25. Rxc7 Bxe6 26. Rxb7 Rc8 27.
Rc1 Re8 28. Rxa7 Bh3 29. Ba3 {Black resigns} 1-0

[Event "Team 45 45 League T53"]
[Site "Internet Chess Club"]
[Date "2012.06.05"]
[Round "3"]
[White "abishek"]
[Black "zozobob"]
[Result "0-1"]
[WhiteElo "1854"]
[BlackElo "2071"]
[Opening "Sicilian: Kan, Maróczy bind (Réti variation)"]
[ECO "B41"]
[Time "20:00:09"]
[TimeControl "2700+45"]

1. e4 c5 2. Nf3 e6 3. d4 cxd4 4. Nxd4 a6 5. c4 Nf6 6. Nc3 Qc7 7. Bg5 Be7 8. Be2
d6 9. O-O Nbd7 10. b3 b6 11. Bg4 Ne5 12. Bh3 h6 13. Bf4 g5 14. Bxe5 dxe5 15. Nc2
h5 16. g3 g4 17. Bg2 Bb7 18. Re1 h4 19. Rc1 Rg8 20. gxh4 Nh5 21. Ne3 Nf4 22. Qc2
Bxh4 23. Ne2 Qe7 24. Nxf4 exf4 25. Nd5 Bxd5 26. exd5 f3 27. Qe4 Bxf2+ 28. Kxf2
Qh4+ 29. Kf1 Qxh2 30. Rc2 fxg2+ 31. Rxg2 Qh1+ 32. Kf2 g3+ 33. Rxg3 Qxe4 34. Rxe4
Rxg3 35. Kxg3 Ke7 36. b4 Kd6 37. dxe6 fxe6 38. a4 a5 39. b5 Rg8+ 40. Kf3 Rh8 41.
Rd4+ Kc5 42. Re4 Rh3+ 43. Kg4 Ra3 44. Rxe6 Kxc4 45. Rxb6 Rxa4 46. Rb8 Rb4 47. b6
Kb3+ 48. Kf3 a4 49. b7 a3 50. Re8 Rxb7 51. Re3+ Ka4 52. Re4+ Rb4 53. Re2 Rc4 54.
Ke3 Kb3 55. Kd3 Ra4 56. Re8 a2 57. Rb8+ Ka3 58. Kc2 a1=Q 59. Rb3+ Ka2 60. Rb5
Rc4+ {White resigns} 0-1

[Event "Team 45 45 League T53"]
[Site "Internet Chess Club"]
[Date "2012.06.01"]
[Round "3"]
[White "goktrenks"]
[Black "blackcatdillac"]
[Result "1/2-1/2"]
[WhiteElo "1853"]
[BlackElo "1744"]
[Opening "Queen's Indian: old main line, 7.Nc3"]
[ECO "E18"]
[Time "15:10:58"]
[TimeControl "2700+45"]

1. d4 Nf6 2. c4 b6 3. Nf3 Bb7 4. g3 e6 5. Bg2 Be7 6. O-O O-O 7. Nc3 Na6 8. d5
Bb4 9. Ne5 Bxc3 10. bxc3 Nc5 11. Bg5 h6 12. dxe6 Bxg2 13. exf7+ Kh7 14. Kxg2
{Game drawn by mutual agreement} 1/2-1/2

[Event "Team 45 45 League T53"]
[Site "Internet Chess Club"]
[Date "2012.06.01"]
[Round "3"]
[White "Pason"]
[Black "cheVelle"]
[Result "1/2-1/2"]
[WhiteElo "2024"]
[BlackElo "1999"]
[Opening "Queen's pawn game"]
[ECO "A46"]
[Time "14:00:37"]
[TimeControl "2700+45"]

1. d4 Nf6 2. Nf3 c5 3. g3 cxd4 4. Nxd4 Nc6 5. Bg2 d5 6. O-O Qb6 7. Nb3 Bf5 8.
Be3 Qc7 9. Nc3 e6 10. Nb5 Qd7 11. N5d4 Bg6 12. Nxc6 Qxc6 13. Rc1 Qa4 14. a3 Rc8
15. Qd4 Qxd4 16. Nxd4 a6 17. c4 Bd6 18. cxd5 Rxc1 19. Rxc1 Kd7 20. dxe6+ fxe6
21. Bxb7 Rb8 22. Bc6+ Ke7 23. b4 e5 24. Nb3 Be4 25. f3 Bd5 26. Bxd5 Nxd5 27. Bd2
h6 28. e4 Nc7 29. Na5 Kd7 30. Nc4 Nb5 31. Be3 Ke6 32. Nxd6 Kxd6 33. a4 Nd4 34.
Bxd4 exd4 35. Rc4 Ke5 36. Kf2 g5 37. Rc5+ Kf6 38. b5 axb5 39. axb5 Ra8 40. Rd5
Ra2+ 41. Kg1 Rb2 42. Rxd4 Rxb5 43. Rd6+ Kg7 44. Kg2 Rb2+ 45. Kh3 h5 46. Rd3 Kf6
47. Re3 Ke5 48. Ra3 Rb5 49. Kg2 Rb2+ 50. Kg1 Rb1+ 51. Kf2 Rb2+ 52. Ke3 Rxh2 53.
f4+ gxf4+ 54. gxf4+ Ke6 55. Ra6+ Ke7 56. e5 Rh1 57. Ke4 h4 58. Kf5 h3 59. Ra7+
Kf8 60. Rh7 h2 61. Kf6 Kg8 62. Rh4 Rf1 63. Rxh2 Rxf4+ 64. Ke7 Rf7+ 65. Ke6 Ra7
66. Rc2 Kf8 67. Rc8+ Kg7 68. Kd6 Ra6+ 69. Rc6 Ra1 70. e6 Kf6 71. Kd7 Ra7+ 72.
Kd6 Re7 73. Kd5 Re8 74. Rd6 Re7 75. Ra6 Re8 76. Rd6 Re7 77. Ra6 Re8 78. Rd6 Re7
{Game drawn by repetition} 1/2-1/2

[Event "Team 45 45 League T53"]
[Site "Internet Chess Club"]
[Date "2012.05.31"]
[Round "3"]
[White "barbak"]
[Black "koni"]
[Result "1-0"]
[WhiteElo "1905"]
[BlackElo "1899"]
[Opening "Philidor: Improved Hanham variation"]
[ECO "B07"]
[Time "14:02:58"]
[TimeControl "2700+45"]

1. e4 d6 2. d4 Nf6 3. Nc3 e5 4. Nf3 Nbd7 5. Bc4 Be7 6. O-O h6 7. Re1 c6 8. a4
Qc7 9. a5 Nf8 10. Bb3 g5 11. dxe5 dxe5 12. Qd3 Ng6 13. g3 g4 14. Nd2 h5 15. Nc4
Be6 16. Bg5 Kf8 17. Qe3 Kg7 18. Nd2 Bxb3 19. Nxb3 Qc8 20. Rad1 Qe6 21. Nc5 Bxc5
22. Qxc5 Ne8 23. Rd2 f6 24. Be3 h4 25. Red1 Nf8 26. Rd8 Rxd8 27. Rxd8 a6 28. Qb6
Nd6 29. Qc7+ Kg6 30. Qxd6 {Black resigns} 1-0

[Event "Team 45 45 League T53"]
[Site "Internet Chess Club"]
[Date "2012.06.03"]
[Round "3"]
[White "expectnomercy"]
[Black "CapitanTrueno"]
[Result "1/2-1/2"]
[WhiteElo "1780"]
[BlackElo "1827"]
[Opening "English, 1...Nf6 (Anglo-Indian defense)"]
[ECO "A15"]
[Time "03:02:55"]
[TimeControl "2700+45"]

1. c4 Nf6 2. g3 g6 3. Bg2 Bg7 4. Nc3 O-O 5. d4 d6 6. e4 Nc6 7. Nge2 a6 8. O-O
Rb8 9. f4 Na5 10. Qd3 c5 {Game drawn by mutual agreement} 1/2-1/2

[Event "Team 45 45 League T53"]
[Site "Internet Chess Club"]
[Date "2012.06.03"]
[Round "3"]
[White "tsia68"]
[Black "pkktet"]
[Result "1/2-1/2"]
[WhiteElo "1793"]
[BlackElo "1826"]
[Opening "Caro-Kann: closed (Breyer) variation"]
[ECO "B10"]
[Time "09:00:38"]
[TimeControl "2700+45"]

1. e4 c6 2. d3 d5 3. Nd2 e5 4. Ngf3 Bd6 5. g3 Nf6 6. Bg2 O-O 7. O-O Re8 8. b3
Qc7 9. Bb2 Nbd7 10. Re1 a5 11. a3 b6 12. d4 exd4 13. exd5 Rxe1+ 14. Qxe1 Nxd5
15. Nxd4 Bb7 16. N2f3 N5f6 17. Qd2 Re8 18. Re1 Rxe1+ 19. Qxe1 Ne5 20. Nxe5 Bxe5
21. Ne6 {Game drawn by mutual agreement} 1/2-1/2

[Event "Team 45 45 League T53 u"]
[Site "Internet Chess Club"]
[Date "2012.06.03"]
[Round "3"]
[White "Eyechess"]
[Black "lasker25"]
[Result "0-1"]
[WhiteElo "1800"]
[BlackElo "1952"]
[Opening "Bishop's opening: Berlin defense"]
[ECO "C24"]
[Time "13:30:00"]
[TimeControl "2700+45"]

1. e4 e5 2. Bc4 Nf6 3. d3 Nc6 4. Nc3 Na5 5. Nf3 d6 6. h3 Be7 7. Be3 O-O 8. a3
Nxc4 9. dxc4 Be6 10. Qd3 c6 11. O-O-O Qc7 12. Qe2 a6 13. Ng5 Bc8 14. f4 b5 15.
fxe5 dxe5 16. g4 b4 17. axb4 Bxb4 18. Na4 Rb8 {White resigns} 0-1

[Event "Team 45 45 League T53"]
[Site "Internet Chess Club"]
[Date "2012.06.02"]
[Round "3"]
[White "CheeryCherry"]
[Black "basmaniac"]
[Result "1-0"]
[WhiteElo "1553"]
[BlackElo "1827"]
[Opening "French: Winawer, advance, 5.a3"]
[ECO "C17"]
[Time "13:08:56"]
[TimeControl "2700+45"]

1. e4 e6 2. d4 d5 3. Nc3 Bb4 4. e5 c5 5. a3 Ba5 6. b4 cxd4 7. Qg4 Ne7 8. Nb5 Bc7
9. Qxg7 Rg8 10. Qxh7 a6 11. Nxc7+ Qxc7 12. Ne2 Qxe5 13. Bb2 Qc7 14. f4 Nbc6 15.
h3 e5 16. g4 Bd7 17. fxe5 Qxe5 18. Qd3 f5 19. O-O-O fxg4 20. Nxd4 Qf4+ 21. Qd2
Qxd2+ 22. Rxd2 gxh3 23. Nxc6 bxc6 24. Re2 Bg4 25. Re1 Kd7 26. Bxh3 Raf8 27.
Bxg4+ Rxg4 28. Rh7 Re4 29. Rxe4 dxe4 30. Bd4 Ke6 31. Bc5 Rf1+ 32. Kd2 Nf5 33.
Ra7 Kd5 34. Rxa6 Rh1 35. Ra5 Rh2+ 36. Kc3 Rh3+ 37. Kb2 Ke6 38. Ra6 Kd5 39. Ra5
Ke5 40. a4 Kf4 41. Ra8 e3 42. Re8 Kf3 43. a5 e2 44. a6 {Black resigns} 1-0

[Event "Team 45 45 League T53"]
[Site "Internet Chess Club"]
[Date "2012.06.02"]
[Round "3"]
[White "Portola"]
[Black "Muravey"]
[Result "0-1"]
[WhiteElo "1764"]
[BlackElo "2160"]
[Opening "Queen's pawn: Torre attack"]
[ECO "A46"]
[Time "13:07:15"]
[TimeControl "2700+45"]

1. d4 Nf6 2. Nf3 e6 3. Bg5 Be7 4. e3 O-O 5. Nbd2 b6 6. Bd3 Bb7 7. Qe2 c5 8. c3
h6 9. Bh4 d5 10. O-O Nc6 11. Rfe1 Re8 12. Bb5 a6 13. Bxc6 Bxc6 14. Ne5 Qc7 15.
Qf3 Bb7 16. a4 Rac8 17. Red1 Rf8 18. Bg3 Qd8 19. Qe2 Ne8 20. Qh5 Nd6 21. f4 c4
22. Bf2 Qe8 23. g4 Bc6 24. Rf1 Bxa4 25. Rac1 Qb5 26. g5 Qxb2 27. gxh6 gxh6 28.
Ng4 Bc2 29. Nxh6+ Kg7 30. Nxf7 Rxf7 31. Kh1 Bh7 32. Nf3 Bf6 33. Ne5 Be4+ 34. Kg1
Rh8 35. Qg4+ Kf8 36. Ng6+ Bxg6 37. Qxe6 Ne8 38. f5 Bh5 39. Bg3 Rg7 40. Rce1 Bf3
41. Rxf3 Rxh2 {White forfeits on time} 0-1